 Dungeon Crawl Stone Soup version 0.20.1-1-g8b1a95d (webtiles) character file.

75 Lanoc the Grave Robber (level 4, -1/27 HPs)
             Began as a Demonspawn Necromancer on Dec 3, 2017.
             Slain by an adder (5 damage)
             ... on level 2 of the Dungeon.
             The game lasted 00:11:21 (2311 turns).

Lanoc the Grave Robber (Demonspawn Necromancer)     Turns: 2311, Time: 00:11:22

Health: -1/27      AC:  3    Str:  8    XL:     4   Next: 11%
Magic:  2/6        EV: 13    Int: 18    God:
Gold:   163        SH:  0    Dex: 13    Spells: 2/7 levels left

rFire    . . .     SeeInvis .   l - +0 whip
rCold    . . .     Gourm    .   (no shield)
rNeg     . . .     Faith    .   a - +0 robe
rPois    +         Spirit   .   (no helmet)
rElec    .         Reflect  .   (no cloak)
rCorr    .         Harm     .   g - +0 pair of gloves
MR       .....     Clarity  +   (no boots)
Stlth    ++........             (no amulet)
Regen    0.1/turn               f - ring of flight
MPRegen  0.1/turn               (no ring)

@: hasted, very quick
A: hooves 1, clarity, frail 1, low mp 1, poison resistance, powered by pain 1
a: Evoke Flight


You were on level 2 of the Dungeon.
You were not hungry.

You visited 1 branch of the dungeon, and saw 3 of its levels.

You collected 163 gold pieces.

Inventory:

Hand Weapons
 l - a +0 whip (weapon)
Armour
 a - a +0 robe (worn)
 g - a +0 pair of gloves (worn)
Jewellery
 f - a ring of flight (left hand)
Scrolls
 i - 2 scrolls of remove curse
 k - 3 scrolls of identify
 n - 2 scrolls of blinking
Potions
 d - a potion of curing
Books
 b - a book of Necromancy

   Spells                             Type                      Level
   a - Pain                           Necromancy                   1
   b - Animate Skeleton               Necromancy                   1
   c - Vampiric Draining              Necromancy                   3
   d - Regeneration                   Charms/Necromancy            3
   e - Animate Dead                   Necromancy                   4
   f - Control Undead                 Necromancy                   4
Comestibles
 c - a bread ration
 o - 4 fruits


   Skills:
 + Level 2.7 Dodging
 - Level 1.7 Stealth
 + Level 2.3 Spellcasting
 * Level 5.4 Necromancy


You had 2 spell levels left.
You knew the following spells:

 Your Spells              Type           Power        Failure   Level  Hunger
a - Pain                  Necr           ###.         1%          1    #......
b - Animate Skeleton      Necr           N/A          1%          1    #......
c - Vampiric Draining     Necr           ###.......   5%          3    ###....


Dungeon Overview and Level Annotations

Branches:
Dungeon (3/15)

Altars:


Innate Abilities, Weirdness & Mutations

You have large cloven feet.
You sometimes gain a little power by taking damage.
You possess an exceptional clarity of mind.
You are frail. (-10% HP)
Your magical capacity is low. (-10% MP)
Your system is resistant to poisons. (rPois)


Message History

You hit the bat but do no damage.
The bat is moderately wounded.
The bat closely misses you. The bat completely misses you.
You miss the bat.
The bat is moderately wounded.
The bat closely misses you.
You hit the bat.
The bat is severely wounded.
The bat hits you.
* * * LOW HITPOINT WARNING * * *
The bat closely misses you.
You closely miss the bat.
The bat is heavily wounded.
The bat hits you but does no damage.
You hit the bat.
You kill the bat!
You barely miss the adder. The adder barely misses you.
Your magical contamination has completely faded away.
You miss the adder. The adder bites you.
You die...

#.#....#..................####
#.####....#.........#..#.....#
#.....##..#........##..#####.####
#####.#............##............
##......###........##............
...##.##.......###..<............
#####.###......# ####............
# #...#.#...#######.#....####.. #
#...)......S@.......##..>.... ###
#...###...####.......######.#
..###...####.#####.......######.#
#(##..###.......####..........#.#
..#..## #.............#.##.......
....#####.......##.......#......#
...>............##.....#.#......#
.##(.(..#.......##.....#........#
.######.........##.....###......#


You could see an adder.

Vanquished Creatures
  2 adders (D:2)
  An ooze (D:2)
  A dart slug (D:1)
  3 leopard geckos
  3 orcs (D:3)
  7 bats
  A giant cockroach (D:2)
  3 goblins
  5 hobgoblins
  A quokka (D:2)
  A ball python (D:2)
  6 frilled lizards
  5 kobolds
  3 rats
42 creatures vanquished.

Vanquished Creatures (collateral kills)
  A worm (D:2)
  A bat (D:2)
  A giant cockroach (D:2)
  2 kobolds (D:1)
  2 frilled lizards
  A rat (D:1)
8 creatures vanquished.

Grand Total: 50 creatures vanquished

Notes
Turn   | Place    | Note
-------+----------+-------------------------------------------
     0 | D:1      | Lanoc the Demonspawn Necromancer began the quest for the Orb.
     0 | D:1      | Reached XP level 1. HP: 13/13 MP: 3/3
    28 | D:1      | Learned a level 1 spell: Animate Skeleton
    55 | D:1      | Gained mutation: Your magical capacity is low. (-10% MP) [potion of mutation]
    55 | D:1      | Gained mutation: Your system is resistant to poisons. (rPois) [potion of mutation]
    55 | D:1      | Gained mutation: You are frail. (-10% HP) [potion of mutation]
    55 | D:1      | Gained mutation: You possess an exceptional clarity of mind. [potion of mutation]
   499 | D:1      | Gained mutation: You have large cloven feet. [demonic ancestry]
   499 | D:1      | Reached XP level 2. HP: 13/17 MP: 1/4
  1221 | D:2      | Reached skill level 5 in Necromancy
  1221 | D:2      | Gained mutation: You sometimes gain a little power by taking damage. [demonic ancestry]
  1221 | D:2      | Reached XP level 3. HP: 12/21 MP: 5/5
  1457 | D:2      | Learned a level 3 spell: Vampiric Draining
  1921 | D:3      | Reached XP level 4. HP: 20/27 MP: 1/6
  2311 | D:2      | Slain by an adder

Skill      XL: |  1  2 |
---------------+-------+-----
Dodging        | 2 |  2.7
Necromancy     | 5 |  5.4
Stealth        | |  1.7
Spellcasting   | |  2.3

Action                   |  1- 3 |  4- 6 || total
-------------------------+-------+-------++-------
Melee: Unarmed           |    27 |       ||    27
       Whip              |    55 |    24 ||    79
       Kick              |     9 |       ||     9
 Cast: Pain              |    41 |     2 ||    43
       Animate Skeleton  |    17 |       ||    17
       Vampiric Draining |       |     1 ||     1
  Use: Potion            |     2 |     1 ||     3
       Scroll            |     4 |     3 ||     7
 Stab: Sleeping          |     1 |       ||     1
  Eat: Chunk             |     4 |     1 ||     5
Armor: Robe              |    32 |    14 ||    46
Dodge: Dodged            |   102 |    33 ||   135
